AoeStats
← Mr. Penis

Nomad

505222078Analyzed
4v4 RM · 23d ago on Sep 8, 2026· 26m 31s· 8 players
Game mode
Random Map
Map size
231×231
Population
200
Speed
Normal
Resources
Standard
Victory
Conquest
Starting age
Dark Age
Ending age
Imperial Age
RankedLock teamsTeams togetherTeam positionsShared explorationLock speedFull tech treeHidden civsTurbo modeCheats
Victory
Defeat
🇭🇰 Huns · Hong Kong SAR China
1180
+15
🇹🇼 Georgians · Taiwan
1155
+16
🇨🇳 Franks · China
1143
+16
🇨🇳 Cumans · China
1141
+16
🇦🇺 Persians · Australia
1200
-18
🇮🇳 Koreans · India
1136
-15
🇪🇸 Romans · Spain
1126
-15
🇷🇺 Jurchens · Russia
1125
-15
小天
5:58 Loom
14:09 Feudal Age
18:04 Castle Age
16:32 Double-Bit Axe
17:17 Forging
17:27 Horse Collar
26:00 Bow Saw
25:44 Stone Mining
25:58 Stone Mining
香辣鸡翅
6:57 Loom
16:36 Feudal Age
18:13 Wheelbarrow
17:47 Fishing Lines
21:49 Castle Age
19:45 Double-Bit Axe
20:07 Gold Mining
20:11 Stone Mining
22:38 Gillnets
22:53 Husbandry
23:03 Bloodlines
23:02 Scale Barding Armor
23:18 Bow Saw
23:36 Hand Cart
23:07 Town Watch
24:20 Gold Shaft Mining
Ken
3:17 Loom
15:24 Feudal Age
20:49 Castle Age
20:19 Scale Barding Armor
21:20 Forging
23:08 Husbandry
26:19 Double-Bit Axe
apple11
3:36 Loom
13:25 Feudal Age
15:04 Town Watch
16:18 Double-Bit Axe
25:21 Castle Age
24:53 Horse Collar
26:48 Bloodlines
VVS
5:51 Loom
12:47 Feudal Age
13:16 Town Watch
16:19 Fletching
17:43 Wheelbarrow
25:21 Castle Age
24:57 Double-Bit Axe
25:37 Pikeman
帝国大仲马
4:01 Loom
15:24 Feudal Age
20:50 Castle Age
24:12 Gold Mining
vargasibanezantonio
11:35 Loom
19:53 Feudal Age
20:21 Town Watch
24:08 Castle Age
22:15 Scale Mail Armor
22:07 Double-Bit Axe
22:56 Horse Collar
23:50 Gold Mining
24:18 Forging
24:02 Fletching
25:29 Chain Mail Armor
26:01 Pikeman
26:42 Squires
Mr. Penis
15:17 Feudal Age
16:07 Double-Bit Axe
19:32 Castle Age
18:10 Horse Collar
19:15 Fishing Lines
20:48 Medium Warships
21:26 Bow Saw
21:17 Gillnets
23:32 Fletching
Connection lost

Rejoining the realm…

Still unreachable

The connection could not be restored.

Session expired

The server has moved on; the page needs a fresh start.